 Dungeon Crawl Stone Soup version 0.32-a0-666-ge8a88695a4 (webtiles) character file.

Game seed: 14612807450167978778

584 Fodor the Chopper (level 7, 0/54 (60) HPs)
             Began as a Minotaur Fighter on Mar 9, 2024.
             Was an Initiate of Gozag.
             Killed by nerve-wracking pain
             ... invoked by an orc priest
              (7 damage)
             ... on level 5 of the Dungeon on Mar 10, 2024.
             The game lasted 00:09:41 (3383 turns).

Fodor the Chopper (Minotaur Fighter)                Turns: 3383, Time: 00:09:42

HP:   0/54 (60)     AC:  9    Str: 23    XL:     7   Next: 14%
MP:   6/6           EV: 10    Int:  5    God:    Gozag
Gold: 186           SH:  4    Dex:  9    Spells: 6/6 levels left

rFire   + . .        a - +0 war axe
rCold   x . .        c - +0 buckler
rNeg    . . .        b - +0 scale mail
rPois   .            (helmet restricted)
rElec   .            (no cloak)
rCorr   .            y - +1 pair of gloves
SInv    .            (no boots)
Will    .....        (no amulet) Stlth
                     s - ring of fire
HPRegen 0.29/turn    (no ring)
MPRegen 0.10/turn

%: no passive effects
@: mighty, heavily drained
A: horns 2, retaliatory headbutt
a: Renounce Religion, Potion Petition, Call Merchant, Bribe Branch


You were on level 5 of the Dungeon.
You worshipped Gozag.
Gozag was aware of your devotion.
You visited 2 branches of the dungeon, and saw 6 of its levels.

You collected 229 gold pieces.
You paid 43 gold pieces to Gozag.

Inventory:

Hand Weapons
 a - a +0 war axe (weapon)
 j - a +0 sling
Armour
 b - a +0 scale mail (worn)
 c - a +0 buckler (worn)
 y - a +1 pair of gloves (worn)
Jewellery
 h - an amulet of faith
 s - a ring of fire (left hand)
Wands
 u - a wand of paralysis (3)
 C - a wand of flame (15)
Scrolls
 e - 8 scrolls of fog
 f - 3 scrolls of revelation
 i - a scroll of blinking
 l - 2 scrolls of identify {unknown}
 q - a scroll of poison {unknown}
 r - a scroll of teleportation {unknown}
 t - a scroll of immolation {unknown}
 w - a scroll of fear {unknown}
 x - a scroll of brand weapon {unknown}
 A - a scroll of amnesia {unknown}
 B - a scroll of enchant weapon {unknown}
Potions
 k - a potion of mutation {unknown}
 m - 2 potions of cancellation {unknown}
 n - 2 potions of heal wounds {unknown}
 o - a potion of brilliance {unknown}
 p - a potion of haste {unknown}
 v - a potion of attraction {unknown}
 z - a potion of lignification {unknown}


   Skills:
 + Level 4.6 Fighting
 + Level 6.7 Axes
 + Level 5.6 Armour
 + Level 1.9 Dodging
 + Level 0.4 Stealth
 + Level 4.7 Shields


You had 6 spell levels left.
You didn't know any spells.
Your spell library contained the following spells:

 Spells                   Type           Power      Damage    Failure   Level
 Lesser Beckoning         Tloc           0%         N/A       92%         2
 Call Canine Familiar     Summ           0%         N/A       99%         3
 Gell's Gravitas          Tloc           0%         N/A       99%         3
 Sigil of Binding         Hex            0%         N/A       99%         3
 Teleport Other           Tloc           0%         N/A       99%         3
 Dimensional Bullseye     Hex/Tloc       0%         N/A       100%        4


Dungeon Overview and Level Annotations

Branches:
Dungeon (5/15)             Temple (1/1) D:4

Altars:
Ashenzari
Elyvilon
Fedhas
Gozag
Makhleb
Okawaru
Qazlal
Ru
Sif Muna
Uskayaw
Yredelemnul
Zin
The Shining One

Shops:
D:2 (

Annotations:
D:5 Edmund


Innate Abilities, Weirdness & Mutations

You have a pair of horns on your head.
You reflexively headbutt those who attack you in melee.


Message History

You hit Edmund but do no damage. You headbutt Edmund.
Edmund is lightly wounded.
You hit the orc. The orc hits you with a +0 club.
An orc priest comes into view. It is wielding a +0 short sword.
Edmund closely misses you.
You barely miss Edmund.
Edmund is lightly wounded.
You closely miss the orc.
The orc priest shouts!
The orc closely misses you.
Edmund hits you with a +5 flail of draining.
* * * LOW HITPOINT WARNING * * *
You feel drained.
* * * LOW HITPOINT WARNING * * *
You feel better. The orc hits you but does no damage.
You block Edmund's attack.
You feel very mighty all of a sudden. The orc hits you but does no damage.
Edmund hits you with a +5 flail of draining!
* * * LOW HITPOINT WARNING * * *
You feel drained.
* * * LOW HITPOINT WARNING * * *
The orc is distracted by your dazzling golden aura.
The orc priest casts a cantrip, but nothing happens.
You block Edmund's attack.
You closely miss Edmund. You headbutt Edmund!
Edmund is moderately wounded.
You barely miss the orc.
The orc is no longer distracted by gold.
The orc barely misses you. You block Edmund's attack.
You hit Edmund. You headbutt Edmund!
Edmund is severely wounded.
You hit the orc.
You hit the orc priest but do no damage.
The orc hits you but does no damage. The orc priest barely misses you.
You block Edmund's attack.
The orc priest invokes the aid of Beogh against you.
Pain shoots through your body!
You die...
Your body crumbles into a pile of gold.

#.# *,* *,* *,*
##.############.# *,* *,*
#!............#.##**.** *,*
#..###...####.<..##.*,***,*
#####..##.......%..#...***,,,,*
...............##....#*,*,*****
.........^..........####.**
#####..........#.o.......*
****#.........##@.#*******
*,,.........$.##@o#
*,###..#.##...##..# *,*
#$.#..........# *,*
#.........[...# *,*
##.#.........##
*,***#.#.........#
#,,,,,,###....####
#,,***,,......#


You could see Edmund, an orc priest and an orc.

Vanquished Creatures
  Eustachio (D:5)
  An orc warrior (D:5)
  A howler monkey (D:4)
  A bombardier beetle (D:4)
  3 hounds
  An orc priest (D:5)
  An iguana (D:4)
  An orc wizard (D:4)
  An adder (D:2)
  A ribbon worm (D:2)
  5 dart slugs
  7 orcs
  7 ball pythons
  9 bats
  8 endoplasms
  4 giant cockroaches
  8 goblins
  8 hobgoblins
  3 jackals (D:1)
  5 quokkas
  2 frilled lizards
  6 kobolds
  5 rats
89 creatures vanquished.

Notes
Turn   | Place    | Note
-------+----------+-------------------------------------------
     0 | D:1      | Fodor the Minotaur Fighter began the quest for the Orb.
     0 | D:1      | Reached XP level 1. HP: 19/19 MP: 0/0
   130 | D:1      | Reached XP level 2. HP: 27/27 MP: 1/1
   430 | D:1      | Reached skill level 3 in Axes
   506 | D:1      | Reached XP level 3. HP: 33/33 MP: 2/2
  1221 | D:2      | Found Koussea's Weapon Boutique.
  1504 | D:3      | Reached XP level 4. HP: 37/40 MP: 3/3
  1583 | D:3      | Reached skill level 4 in Axes
  2022 | D:3      | Found a faded altar of an unknown god.
  2265 | D:4      | Reached XP level 5. HP: 44/46 MP: 4/4
  2331 | D:4      | Reached skill level 1 in Dodging
  2341 | D:4      | Reached skill level 5 in Axes
  2538 | D:4      | Found a staircase to the Ecumenical Temple.
  2548 | Temple   | Entered the Ecumenical Temple
  2579 | Temple   | Became a worshipper of Gozag Ym Sagoz the Greedy
  2630 | D:4      | Reached skill level 5 in Armour
  3015 | D:4      | Reached XP level 6. HP: 52/52 MP: 5/5
  3130 | D:5      | Entered Level 5 of the Dungeon
  3263 | D:5      | Found a shimmering blue altar of Sif Muna.
  3277 | D:5      | Noticed Eustachio
  3295 | D:5      | Killed Eustachio
  3296 | D:5      | Reached skill level 6 in Axes
  3360 | D:5      | Noticed an orc warrior
  3364 | D:5      | Noticed Edmund
  3376 | D:5      | Killed an orc warrior
  3377 | D:5      | Reached XP level 7. HP: 19/58 MP: 6/6
  3383 | D:5      | Killed from afar by an orc priest

Illustrated notes

Levels and vault maps discovered:
D:1:      zelgadis_glass_arrival_small, layout_basic
D:2:      layout_basic, serial_shops, nicolae_shop_behind_doors, st_stairs_1
D:3:      layout_loops_ring, shapermc_ecumenical_altar_mp_vishouse, st_stairs_13
D:4:      layout_loops_ring, minmay_temple_entry_antechambers
D:5:      layout_loops_ring, kennysheep_little_box, mainiacjoe_overflow_paths,
          uniq_eustachio, uniq_edmund, uniq_prince_ribbit1, uniq_duvessa
Temple:   nicolae_temple_bog_church

Skill      XL: |  1  2  3  4  5  6 |
---------------+-------------------+-----
Armour         | 4 5 |  5.6
Axes           | 3 4 5 6 |  6.7
Shields        | 4 |  4.7
Fighting       | 4 |  4.6
Dodging        | 1 |  1.9
Stealth        | |  0.4

Action                     |  1- 3 |  4- 6 |  7- 9 || total
---------------------------+-------+-------+-------++-------
  Melee: War axe           |    90 |   113 |     4 ||   207
         Headbutt          |     5 |    18 |     3 ||    26
    Use: Scroll            |       |     3 |       ||     3
         Potion            |       |     2 |     2 ||     4
 Armour: Scale mail        |    76 |    77 |     6 ||   159
  Dodge: Dodged            |    40 |    61 |     4 ||   105
  Block: Buckler           |    27 |    33 |     4 ||    64

Table legend: (Time is in decaauts)
 A = Elapsed time spent in this place.
 B = Non-inter-level travel time spent in this place.
 C = Inter-level travel time spent in this place.
 D = Time resting spent in this place.
 E = Time spent auto-exploring this place.
 F = Levels seen in this place.
 G = Mean time per level.
                   A        B        C        D        E       F      G
               +--------+--------+--------+--------+--------+-----+--------+
         Total |   3450 |   3427 |     23 |     68 |   2341 |   6 |  575.0 |
       Dungeon |   3397 |   3374 |     23 |     68 |   2341 |   5 |  679.4 |
        Temple |     52 |     52 |      0 |      0 |      0 |   1 |   52.0 |
               +--------+--------+--------+--------+--------+-----+--------+

Top non-repeatable levels by time:
     D:4: 955 daAuts
     D:2: 805 daAuts
     D:1: 728 daAuts
     D:3: 647 daAuts
     D:5: 260 daAuts
  Temple: 52 daAuts
